 Seeded DCSS version 0.29-a0-322-g68df515428 (webtiles) character file.

Game seed: 18053038635003292644 (custom seed)

18 ImHallYall the Magician (level 2, -2/15 HPs)
             Began as a Kobold Hedge Wizard on Apr 7, 2022.
             Slain by a gnoll
             ... wielding a +0 flail
              (6 damage)
             ... on level 1 of the Dungeon.
             The game lasted 00:02:19 (864 turns).

ImHallYall the Magician (Kobold Hedge Wizard)        Turns: 864, Time: 00:02:20

Health: -2/15      AC:  6    Str:  7    XL:     2   Next: 85%
Magic:  5/6        EV: 12    Int: 15    God:
Gold:   10         SH:  0    Dex: 14    Spells: 7/8 levels left

rFire   . . .      SeeInvis .   i - +0 short sword
rCold   . . .      Faith    .   (no shield)
rNeg    . . .      Spirit   .   h - +0 ring mail
rPois   .          Reflect  .   e - +0 helmet
rElec   .          Harm     .   (no cloak)
rCorr   .          Rampage  .   (no gloves)
Will    .....                   (no boots)
Stlth   +++.......              (no amulet)
HPRegen 0.05/turn               (no ring)
MPRegen 0.10/turn               (no ring)

@: no status effects
A: small, no large weapons, nightstalker 3
a: no special abilities


You were on level 1 of the Dungeon.
You visited 1 branch of the dungeon, and saw 1 of its levels.

You collected 10 gold pieces.

Inventory:

Hand Weapons
 a - a +0 dagger
 i - a +0 short sword (weapon)
Armour
 b - a +0 robe
 c - a +0 hat
 e - a +0 helmet (worn)
 h - a +0 ring mail (worn)
Scrolls
 f - a scroll of enchant armour {unknown}
Potions
 d - a potion of magic
 g - a potion of lignification {unknown}
 j - a potion of experience {unknown}


   Skills:
 + Level 0.3 Short Blades
 + Level 2.6 Dodging
 + Level 3.0 Stealth
 + Level 3.9 Spellcasting
 + Level 1.0 Conjurations
 + Level 1.0 Summonings
 + Level 1.0 Translocations


You had 7 spell levels left.
You knew the following spells:

 Your Spells              Type           Power      Damage    Failure   Level
a - Magic Dart            Conj           20%        1d4       41%         1

Your spell library contained the following spells:

 Spells                   Type           Power      Damage    Failure   Level
 Slow                     Hex            8%         N/A       54%         1
 Blink                    Tloc           10%        N/A       54%         2
 Call Imp                 Summ           5%         N/A       54%         2
 Conjure Flame            Conj/Fire      4%         6-21      85%         3
 Mephitic Cloud           Conj/Pois/Air  3%         N/A       86%         3


Dungeon Overview and Level Annotations

Branches:
Dungeon (1/15)

Altars:


Innate Abilities, Weirdness & Mutations

You are small and have problems with some larger weapons.
You are completely attuned to the shadows.


Message History

The magic dart hits the gnoll but does no damage.
A hobgoblin comes into view.
Casting: Magic Dart (safe; 41% risk of failure)
Confirm with . or Enter, or press ? or * to list all spells.
Aiming: Magic Dart (safe; 41% risk of failure)
Press: ? - help, Shift-Dir - straight line, f/p - gnoll
Aim: a gnoll, wielding a +0 flail (100% to hit)
The magic dart hits the gnoll.
The gnoll is lightly wounded.
Casting: Magic Dart (safe; 41% risk of failure)
Confirm with . or Enter, or press ? or * to list all spells.
Aiming: Magic Dart (safe; 41% risk of failure)
Press: ? - help, Shift-Dir - straight line, f/p - gnoll
Aim: a gnoll, wielding a +0 flail (lightly wounded, 100% to hit)
You miscast Magic Dart.
You are very lightly contaminated with residual magic.
Nothing appears to happen.
The gnoll attacks as you move away! The gnoll closely misses you.
The gnoll attacks as you move away! The gnoll misses you.
The hobgoblin attacks as you move away! The hobgoblin hits you.
The hobgoblin hits you but does no damage.
The gnoll attacks as you move away! The gnoll barely misses you.
Your magical contamination has completely faded away.
The hobgoblin attacks as you move away! The hobgoblin hits you.
The hobgoblin hits you but does no damage.
The gnoll hits you with a +0 flail. The gnoll attacks as you move away!
The gnoll barely misses you. The hobgoblin hits you.
The hobgoblin attacks as you move away! The hobgoblin hits you.
* * * LOW HITPOINT WARNING * * *
The gnoll barely misses you. The hobgoblin attacks as you move away!
The hobgoblin hits you but does no damage.
You barely miss the hobgoblin.
The hobgoblin hits you but does no damage.
You hit the hobgoblin.
The hobgoblin is moderately wounded.
The hobgoblin hits you but does no damage.
The gnoll hits you with a +0 flail.
You die...

#......#
###...#8#8#8#...#8#8#8#
#...####
#.########8...8###### ##.##
#.##.....##.#.## #.#
#.#...#..# #.# #.#..###.# #.#
#.#..###.#8. .8 #.#
#.#...#..##.#.# #.#
#.#gg....# ...8 #.#
##.#)@....###'###. #.##
#####................. ##..#
#.....#.....#........#
##...###.....#..#.##.........
#..#..#..#...#....##.###.#..#
#.###...###.#####.##.. ......
#..#..#..#...# ..........
##...###)..#.# .##.### ##.##
##....#


You could see a gnoll and a hobgoblin.

Vanquished Creatures
  A dart slug (D:1)
  2 bats (D:1)
  An endoplasm (D:1)
  A giant cockroach (D:1)
  5 goblins (D:1)
  A quokka (D:1)
  2 rats (D:1)
13 creatures vanquished.

Notes
Turn   | Place    | Note
-------+----------+-------------------------------------------
     0 | D:1      | ImHallYall the Kobold Hedge Wizard began the quest for the
                  | Orb.
     0 | D:1      | Reached XP level 1. HP: 10/10 MP: 4/4
   175 | D:1      | Reached XP level 2. HP: 15/15 MP: 6/6
   864 | D:1      | Slain by a gnoll

Illustrated notes

Levels and vault maps discovered:
D:1:      heliophobic_arrival_ceremonial_halls, layout_loops_ring,
          minmay_strange_pillars, minmay_misc_feat_chi

Skill      XL: |  1  2 |
---------------+-------+-----
Stealth        | 3 |  3.0
Short Blades   | |  0.3
Dodging        | |  2.6
Spellcasting   | |  3.9
Conjurations   | |  1.0
Summonings     | |  1.0
Translocations | |  1.0

Action                   || total
-------------------------++-------
Melee: Dagger            ||    22
       Short sword       ||     4
 Cast: Magic Dart        ||     6
 Stab: Sleeping          ||     7
Armor: Ring mail         ||     7
Dodge: Dodged            ||    14

Table legend: (Time is in decaauts)
 A = Elapsed time spent in this place.
 B = Non-inter-level travel time spent in this place.
 C = Inter-level travel time spent in this place.
 D = Time resting spent in this place.
 E = Time spent auto-exploring this place.
 F = Levels seen in this place.
 G = Mean time per level.
                   A        B        C        D        E       F      G
               +--------+--------+--------+--------+--------+-----+--------+
         Total |    863 |    863 |      0 |    456 |    133 |   1 |  863.0 |
       Dungeon |    863 |    863 |      0 |    456 |    133 |   1 |  863.0 |
               +--------+--------+--------+--------+--------+-----+--------+

Top non-repeatable levels by time:
     D:1: 863 daAuts
